 Dungeon Crawl Stone Soup version 0.26-b1-45-g23770d1d51 (webtiles) character file.

Game seed: 8351537973633297356

608 DocSulfur the Ruffian (level 7, 85/85 HPs)
             Began as a Green Draconian Transmuter on Jan 6, 2021.
             Quit the game on level 4 of the Dungeon.
             The game lasted 00:09:41 (5294 turns).

DocSulfur the Ruffian (Green Draconian Transmuter)  Turns: 5294, Time: 00:09:42

Health: 85/85      AC: 23    Str: 12    XL:     7   Next: 19%
Magic:  12/12      EV:  2    Int: 12    God:
Gold:   203        SH:  0    Dex: 11    Spells: 9/12 levels left

rFire    . . .     SeeInvis .     - Unarmed
rCold    . . .     Faith    .   (no shield)
rNeg     + + +     Spirit   .   (armour unavailable)
rPois    +         Reflect  .   (helmet currently unavailable)
rElec    .         Harm     .   (cloak currently unavailable)
rCorr    .         Rampage  .   (gloves currently unavailable)
Will     .....     NoTele   +   (boots currently unavailable)
Stlth    +.........             (no amulet)
HPRegen  0.24/turn              (no ring)
MPRegen  0.13/turn              (no ring)

@: mighty, tree-form, berserk cooldown, slowed, very slow
A: (breathe noxious fumes), unfitting armour, dopey 1, weak 1, AC +6
a: no special abilities


You were on level 4 of the Dungeon.
You were a tree.
You visited 1 branch of the dungeon, and saw 5 of its levels.

You collected 203 gold pieces.

Inventory:

Missiles
 e - 18 javelins (quivered)
 j - 23 bolts
 k - 57 stones
 l - 29 poisoned darts
 p - 38 arrows
Jewellery
 h - an uncursed amulet of magic regeneration {unknown}
 r - an uncursed ring of willpower
Wands
 u - a wand of random effects (14)
Scrolls
 c - a scroll of random uselessness
Potions
 b - a potion of haste
 d - 2 potions of flight
 f - 2 potions of curing


   Skills:
 + Level 3.4 Fighting
 - Level 1.7 Dodging
 * Level 5.3 Unarmed Combat
 + Level 3.3 Spellcasting
 * Level 4.9 Transmutations


You had 9 spell levels left.
You knew the following spells:

 Your Spells              Type           Power        Failure   Level
a - Beastly Appendage     Tmut           26%          3%          1
b - Wereblood             Tmut           13%          4%          2

Your spell library contained the following spells:

 Spells                   Type           Power        Failure   Level
 Spider Form              Tmut/Pois      3%           26%         3
 Ice Form                 Ice/Tmut       7%           65%         4
 Blade Hands              Tmut           6%           65%         5


Dungeon Overview and Level Annotations

Branches:
Dungeon (5/15)
 Temple: D:4-7

Altars:
Okawaru
Trog
Vehumet
The Shining One

Annotations:
D:5 Sigmund


Innate Abilities, Weirdness & Mutations

((You can breathe blasts of noxious fumes.))
((Your lurid green scales are hard. (AC +6)))
You cannot fit into any form of body armour.
((Your system is resistant to poisons. (rPois)))
((You are cold-blooded and may be slowed by cold attacks.))
((You have sharp toenails.))
You are dopey. (Int -2)
You are weak. (Str -2)


Message History

You are exhausted.
You feel yourself slow down.
You start waiting.
You feel less invigorated.
You feel less confused.
You start waiting.
You flicker for a moment.
You start waiting.
You flicker back into view.
It was a potion of might.
You feel very mighty all of a sudden.
It was a potion of lignification.
You turn into a tree.
Your roots penetrate the ground.
Okay, then.
Done exploring.
It was a potion of heal wounds.
You feel much better.
Your magical contamination has completely faded away.
It was a potion of mutation.
You feel extremely strange.
You feel stupid.
You feel weaker.
Your toenails lengthen and sharpen.
Unknown command.
Are you sure you want to abandon this character and quit the game? (Confirm with "yes".)

#.###)#.#.#.#.....#.#.
#.###..>....##.#......
#.##.....)#.##.#.#..##
#.##..#.#.#.##......#
#.#.......#.##......#
#.............).....#
###...#.#.#.#....#.##
#.........).#.##.###
##.♣#..#.####......#
#.............####..
########......[.#..#.# ##.
##..........#...)...#.# #.
##................#..#.### #.
#...##..####......#..#...# ##
#...###.####.#.####.##.#.####
#...##...##..#.#.............
#..###._.....#.#.#.#.#.#.#.#.


There were no monsters in sight!

Vanquished Creatures
  Duvessa (D:5)
  A centaur (D:5)
  2 ogres (D:4)
  Dowan (D:4)
  A howler monkey (D:5)
  A worker ant (D:4)
  4 gnolls
  3 adders
  An ooze (D:1)
  2 worms
  A dart slug (D:1)
  4 leopard geckos
  7 orcs
  5 giant cockroaches
  8 goblins
  8 hobgoblins
  5 kobolds
  2 quokkas (D:4)
  A ball python (D:3)
  10 bats
  3 frilled lizards
  4 rats
75 creatures vanquished.

Notes
Turn   | Place    | Note
-------+----------+-------------------------------------------
     0 | D:1      | DocSulfur the Draconian Transmuter began the quest for the
                  | Orb.
     0 | D:1      | Reached XP level 1. HP: 16/16 MP: 3/3
   148 | D:1      | Reached XP level 2. HP: 23/23 MP: 3/5
   567 | D:1      | Reached XP level 3. HP: 20/28 MP: 4/6
   942 | D:2      | Found a glowing golden altar of the Shining One.
  1117 | D:1      | Learned a level 2 spell: Wereblood
  1312 | D:3      | Reached XP level 4. HP: 9/36 MP: 3/7
  3473 | D:2      | Reached skill level 4 in Unarmed Combat
  3785 | D:3      | Found a faded altar of an unknown god.
  3975 | D:3      | Found an iron altar of Okawaru.
  4070 | D:3      | Reached XP level 5. HP: 39/41 MP: 8/8
  4519 | D:4      | Noticed an ogre
  4531 | D:4      | Killed an ogre
  4624 | D:4      | Found a bloodstained altar of Trog.
  4630 | D:4      | Noticed an ogre
  4642 | D:4      | Killed an ogre
  4643 | D:4      | Reached XP level 6. HP: 42/50 MP: 7/10
  4733 | D:4      | Found a radiant altar of Vehumet.
  5004 | D:5      | Entered Level 5 of the Dungeon
  5004 | D:5      | Noticed Duvessa
  5004 | D:5      | Noticed Dowan
  5014 | D:5      | Killed Duvessa
  5015 | D:5      | Reached skill level 5 in Unarmed Combat
  5022 | D:5      | Noticed Sigmund
  5024 | D:5      | Your scales start taking on a lurid green colour.
  5024 | D:5      | Reached XP level 7. HP: 57/57 MP: 9/11
  5024 | D:5      | Gained mutation: Your system is resistant to poisons.
                  | (rPois) [Green Draconian growth]
  5057 | D:4      | Killed Dowan
  5293 | D:4      | Gained mutation: You are dopey. (Int -2) [potion of
                  | mutation]
  5293 | D:4      | Gained mutation: You are weak. (Str -2) [potion of
                  | mutation]
  5293 | D:4      | Gained mutation: You have sharp toenails. [potion of
                  | mutation]
  5294 | D:4      | Quit the game

Illustrated notes

Levels and vault maps discovered:
D:1:      wander_arrival_estate, layout_rooms
D:2:      layout_basic, lemuel_crystal_altar
D:3:      layout_rooms, nicolae_overflow_crystal_walls,
          chequers_ecumenical_altar_island, st_stairs_9
D:4:      layout_basic, lemuel_blue_sif_altar, general_overflow_altar,
          grunt_dithmenos_smoke, corexii_hall_statues_i,
          minmay_misc_feat_pillars, trog_three_pillars_becter
D:5:      layout_gridville, grunt_gozag_statues, uniq_duvessa, uniq_sigmund

Skill      XL: |  1  2  3  4  5  6 |
---------------+-------------------+-----
Fighting       | 2 3 |  3.4
Transmutations | 3 4 |  4.9
Unarmed Combat | 4 5 |  5.3
Spellcasting   | 3 |  3.3
Dodging        | |  1.7

Action                   |  1- 3 |  4- 6 |  7- 9 || total
-------------------------+-------+-------+-------++-------
Melee: Unarmed           |    99 |   141 |     2 ||   242
       Headbutt          |    11 |    12 |       ||    23
       Kick              |    12 |    20 |       ||    32
       Punch             |     2 |     2 |       ||     4
       Tailslap          |     7 |    13 |       ||    20
Throw: Javelin           |     4 |     7 |    18 ||    29
       Stone             |       |       |     1 ||     1
 Cast: Beastly Appendage |    21 |    26 |     2 ||    49
       Wereblood         |     2 |    10 |     2 ||    14
  Use: Potion            |       |       |     7 ||     7
       Scroll            |       |       |     6 ||     6
Armor: Skin              |    28 |    82 |     7 ||   117
Dodge: Dodged            |    94 |   137 |     6 ||   237
